Map: Corrosion EC

Players

HoldTheDoor

  • Race: Protoss Protoss
  • League: Diamond
  • Spawn Location: 5:00

Drake - Winner!

  • Race: Protoss Protoss
  • League: Diamond
  • Spawn Location: 11:00

VOD

Have the link to the VOD?

Description

Time

  • Played on: July 11, 2018, 9:24 a.m.
  • Length: 2:42
Show
View Real Time Build Order
Export as new Build Order

HoldTheDoor Protoss 

Build Orders:  

Get SALT Encoding   

  12  0:01  Probe  
  13  0:13  Probe  
  14  0:18  Pylon  
  14  0:25  Probe  
  15  0:36  Probe  
  15  0:39  Gateway  
  16  0:44  Probe  
  16  0:46  Assimilator  
  17  0:53  Probe  
  17  0:55  Assimilator  
  18  1:03  Probe  
  19  1:14  Gateway  
  19  1:18  Probe  
  20  1:28  Cybernetics Core  
  20  1:33  Pylon  
  20  1:34  Probe  
  21  1:46  Probe  
  19  2:03  Pylon  
  19  2:15  Pylon  
  19  2:31  Pylon  
Show
View Real Time Build Order
Export as new Build Order

Drake Protoss - Winner!

Build Orders: Cannon Rush 

Get SALT Encoding   

  12  0:01  Probe  
  13  0:15  Probe  
  14  0:21  Pylon  
  14  0:27  Probe  
  15  0:37  Probe  
  15  0:40  Forge  
  16  0:45  Probe  
  17  0:54  Probe, Pylon  
  18  1:06  Probe  
  19  1:17  Photon Cannon  
  19  1:18  Probe  
  20  1:26  Probe  
  21  1:40  Photon Cannon  
  21  1:46  Pylon  
  21  1:54  Photon Cannon  
  21  2:02  Pylon  
  20  2:10  Probe  
  21  2:30  Photon Cannon  
  21  2:35  Photon Cannon, Pylon  
  21  2:38  Pylon  
Tags
 
Matchup
PvP
Spawn Locations
Cross Positions
Add a new tag
Caveats
  • Supply blocks, unpowered buildings, or Contaminate may cause inaccurate times.
  • Supply counts are checked every 10 seconds.